 Dungeon Crawl Stone Soup version 0.18.1-8-gdd0e5ea (webtiles) character file.

161 urechis the Ruffian (level 5, -5/50 HPs)
             Began as a Troll Monk on May 29, 2016.
             Slain by an ogre
             ... wielding a +0 giant club
              (18 damage)
             ... on level 4 of the Dungeon.
             The game lasted 00:04:13 (2529 turns).

urechis the Ruffian (Troll Monk)                    Turns: 2529, Time: 00:04:14

Health: -5/50      AC:  5    Str: 19    XL:     5   Next: 18%
Magic:  4/4        EV: 10    Int:  6    God:
Gold:   161        SH:  0    Dex: 13    Spells: 0 memorised, 4 levels left

rFire  . . .     SeeInvis .       - Unarmed
rCold  . . .     Gourm    +     a - +0 robe
rNeg   . . .     Faith    .     (no shield)
rPois  .         Spirit   .     (helmet restricted)
rElec  .         Dismiss  .     (no cloak)
rCorr  .         Reflect  .     (gloves unavailable)
SustAt .         Harm     .     (boots unavailable)
MR     .....                    (no amulet)
Stlth  +.........               (no ring)
                                (no ring)

@: not resistant to hostile enchantments, very unstealthy
A: unfitting armour, claws 3, fast metabolism 3, gourmand, regeneration 2,
shaggy fur 1, tough skin 2
a: no special abilities


You were on level 4 of the Dungeon.
You were very full.

You visited 1 branch of the dungeon, and saw 4 of its levels.

You collected 161 gold pieces.

Inventory:

Armour
 a - a +0 robe (worn)
Jewellery
 h - a +4 ring of intelligence {unknown}
Scrolls
 e - a scroll of magic mapping {unknown}
 g - a scroll of fear {unknown}
 i - a scroll of amnesia {unknown}
 j - 2 scrolls of identify {unknown}
 l - a scroll of teleportation {unknown}
 m - 2 scrolls of enchant weapon {unknown}
 n - 3 scrolls of remove curse {unknown}
 o - 2 scrolls of enchant armour {unknown}
 p - a scroll of blinking {unknown}
Potions
 f - 2 potions of heal wounds {unknown}
 k - a potion of magic {unknown}
 q - a potion of flight {unknown}
 r - a potion of curing {unknown}
 s - a potion of ambrosia {unknown}
Comestibles
 b - 3 bread rations
 c - 13 fruits
 d - 2 beef jerkies


   Skills:
 - Level 2.4 Fighting
 - Level 2.4 Dodging
 - Level 1.1 Stealth
 + Level 6.5 Unarmed Combat


You had 4 spell levels left.
You didn't know any spells.

Dungeon Overview and Level Annotations

Branches:
Dungeon (4/15)
 Temple: D:4-7

Altars:
Fedhas
Makhleb


Innate Abilities, Weirdness & Mutations

You are too large for most types of armour.
You have claws for hands.
Your metabolism is lightning-fast.
You like to eat raw meat.
You heal very quickly.
You are covered in fur (AC +1).
You have very tough skin (AC +2).


Message History

The ogre shouts!
Found a runed short sword, a whip and 27 bolts.
There is a stone staircase leading up here.
An ogre is nearby!
The ogre hits you with a giant club!!
You see here a runed short sword.
You mangle the ogre!!
The ogre is severely wounded.
The ogre barely misses you.
You claw the ogre!
The ogre is almost dead.
The ogre hits you with a giant club!!
* * * LOW HITPOINT WARNING * * *
You are too injured to fight recklessly!
You completely miss the ogre.
The ogre is almost dead.
You barely miss the ogre. Your claw misses the ogre.
The ogre is almost dead.
The ogre hits you with a giant club!!
You die...

#############
#...........#
#...O.......#
#....@......#
#.......<...#
#...........#
#...........#
#.........).#
#....(......#
########......
#.#....
#.#..###


You could see an ogre.

Vanquished Creatures
  5 gnolls
  2 adders
  An ooze (D:2)
  2 worms
  5 giant geckos
  4 orcs (D:3)
  2 ball pythons (D:1)
  10 bats
  A giant cockroach (D:1)
  10 hobgoblins
  9 jackals
  2 giant newts
  8 goblins
  5 kobolds
  7 rats
73 creatures vanquished.

Notes
Turn   | Place    | Note
--------------------------------------------------------------
     0 | D:1      | urechis the Troll Monk began the quest for the Orb.
     0 | D:1      | Reached XP level 1. HP: 22/22 MP: 0/0
    45 | D:1      | Reached XP level 2. HP: 23/29 MP: 1/1
   279 | D:1      | Reached skill level 5 in Unarmed Combat
   358 | D:1      | Reached XP level 3. HP: 35/36 MP: 2/2
  1176 | D:2      | Reached XP level 4. HP: 44/44 MP: 3/3
  1197 | D:2      | Reached skill level 6 in Unarmed Combat
  1455 | D:2      | Found a blossoming altar of Fedhas.
  1586 | D:2      | Found a burning altar of Makhleb.
  1994 | D:3      | Reached XP level 5. HP: 50/50 MP: 4/4
  2522 | D:4      | Noticed an ogre
  2529 | D:4      | Slain by an ogre

Skill      XL: |  1  2  3  4 |
---------------+-------------+-----
Unarmed Combat | 5 6 |  6.5
Fighting       | |  2.4
Dodging        | |  2.4
Stealth        | |  1.1

Action                   |  1- 3 |  4- 6 || total
-------------------------+-------+-------++-------
Melee: Unarmed           |    78 |    87 ||   165
       Punch             |       |     3 ||     3
 Stab: Sleeping          |     2 |     2 ||     4
  Eat: Chunk             |    13 |    14 ||    27
Armor: Robe              |    36 |    25 ||    61
Dodge: Dodged            |    43 |    34 ||    77
